 Dungeon Crawl Stone Soup version 0.27.1-1-g398f81649c (webtiles) character file.

Game seed: 4811884604036565206

91 ZARRMARR the Conjurer (level 4, 0/28 HPs)
             Began as an Octopode Conjurer on Sept 12, 2021.
             Slain by an endoplasm (2 damage)
             ... on level 3 of the Dungeon.
             The game lasted 00:08:24 (2785 turns).

ZARRMARR the Conjurer (Octopode Conjurer)           Turns: 2785, Time: 00:08:25

Health: 0/28       AC:  1    Str:  6    XL:     4   Next: 57%
Magic:  1/7        EV: 13    Int: 21    God:
Gold:   84         SH:  0    Dex: 10    Spells: 4/7 levels left

rFire    . . .     SeeInvis .   a - +0 mace (venom)
rCold    . . .     Faith    .   (no shield)
rNeg     . . .     Spirit   .   (helmet restricted)
rPois    .         Reflect  .   h - amulet of the acrobat
rElec    .         Harm     .   (no ring)
rCorr    .         Rampage  .   (no ring)
Will     .....                  (no ring)
Stlth    +++.......             (no ring)
HPRegen  0.09/turn              (no ring)
MPRegen  0.10/turn              (no ring)
                                (no ring)
                                (no ring)

@: no status effects
A: almost no armour, amphibious, 8 rings, camouflage 1, gelatinous body 1,
(nimble swimmer 1), tentacles
a: no special abilities


You were on level 3 of the Dungeon.
You visited 1 branch of the dungeon, and saw 3 of its levels.

You collected 84 gold pieces.

Inventory:

Hand Weapons
 a - a +0 mace of venom (weapon)
Jewellery
 h - an amulet of the acrobat (around mantle)
Scrolls
 c - 4 scrolls of teleportation
 d - a scroll of vulnerability {unknown}
 e - a scroll of amnesia
 f - a scroll of enchant armour
 g - a scroll of acquirement {unknown}
Potions
 b - a potion of brilliance {unknown}
 i - 2 potions of degeneration {unknown}


   Skills:
 + Level 1.3 Fighting
 + Level 2.5 Dodging
 + Level 3.6 Stealth
 + Level 2.4 Spellcasting
 * Level 4.7 Conjurations


You had 4 spell levels left.
You knew the following spells:

 Your Spells              Type           Power      Damage    Failure   Level
a - Magic Dart            Conj           88%        1d7       1%          1
b - Searing Ray           Conj           44%        3d4       3%          2

Your spell library contained the following spells:

 Spells                   Type           Power      Damage    Failure   Level
 Freeze                   Ice            8%         1d3       14%         1
 Dazzling Flash           Conj/Hex       24%        N/A       16%         3
 Frozen Ramparts          Ice            4%         1d2       38%         3
 Fulminant Prism          Conj/Hex       6%         3d7       47%         4
 Hailstorm                Conj/Ice       12%        3d5       47%         4
 Iskenderun's Mystic Bla  Conj/Tloc      12%        2d5       47%         4


Dungeon Overview and Level Annotations

Branches:
Dungeon (3/15)

Altars:

Annotations:
D:2 exclusion: 2 downstairs
D:3 exclusion: black bear, Jessica


Innate Abilities, Weirdness & Mutations

You cannot wear most types of armour.
You are amphibious.
You can wear up to eight rings at the same time.
Your skin changes colour to match your surroundings (Stealth+).
Your rubbery body absorbs attacks. (AC +1, EV +1)
((You are camouflaged near water. (Stealth+)))
You have tentacles for arms and can constrict up to eight enemies at once.


Message History

The goblin zaps a wand.
Some rock shatters into small pieces.
Casting: Searing Ray (safe; 3% risk of failure)
Confirm with . or Enter, or press ? or * to list all spells.
Aiming: Magic Dart (safe; 1% risk of failure)
Press: ? - help, Shift-Dir - straight line, f - goblin
Aim: a goblin, wielding a +0 dagger (strong, 100% to hit)
The magic dart hits the goblin.
The goblin is moderately wounded.
The goblin shouts!
Casting: Magic Dart (safe; 1% risk of failure)
Confirm with . or Enter, or press ? or * to list all spells.
Aiming: Searing Ray (safe; 3% risk of failure)
Press: ? - help, Shift-Dir - straight line, f/p - goblin
Aim: a goblin, wielding a +0 dagger (moderately wounded, strong, 72% to hit)
The searing ray hits the goblin.
You kill the goblin! (Press . to maintain the ray.)
The searing ray hits the goblin.
You kill the goblin!
An endoplasm comes into view.
The searing ray hits Robin.
Robin is severely wounded.
Robin completely misses you.
Things that are here:
a +0 club; a +0 chain mail; an orc skeleton You barely miss Robin.
You grab Robin.
Robin is severely wounded.
You constrict Robin. Robin throws the goblin at you! The goblin misses you.
Robin hits you with a +0 spear.
You hit Robin but do no damage.
Robin is poisoned.
Robin is severely wounded.
You constrict Robin. The goblin hits you with a +0 mace.
Robin hits you with a +0 spear. The goblin hits you with a +0 mace!
* * * LOW HITPOINT WARNING * * *
You hit the endoplasm but do no damage. You constrict Robin.
You kill Robin!
The goblin hits you with a +0 mace.
* * * LOW HITPOINT WARNING * * *
The endoplasm hits you.
You die...

#.# #.##.##... #.#
###>##......
#.###.#.##.##.#.
#.##....#...#.#.
#########.............).
#.........##...##...)...
........#.###...)..#.##.
#.#.##g.#.# ########.##.
#....@#.# .....
#.#..#...# ###..)....#
#..... #..#...## ...##
#..#..## #......
#..#..#. ...#....


You could see an endoplasm and a goblin (strong).

Vanquished Creatures
  Robin (D:3)
  A gnoll (D:3)
  An adder (D:2)
  A dart slug (D:1)
  4 orcs
  10 ball pythons
  4 endoplasms
  A giant cockroach (D:1)
  3 hobgoblins
  4 jackals (D:1)
  7 kobolds
  7 bats
  A frilled lizard (D:2)
  11 goblins
  3 rats (D:1)
59 creatures vanquished.

Notes
Turn   | Place    | Note
-------+----------+-------------------------------------------
     0 | D:1      | ZARRMARR the Octopode Conjurer began the quest for the Orb.
     0 | D:1      | Reached XP level 1. HP: 11/11 MP: 3/3
   118 | D:1      | Found a faded altar of an unknown god.
   412 | D:1      | Reached XP level 2. HP: 17/17 MP: 3/5
   735 | D:1      | Reached XP level 3. HP: 22/22 MP: 4/6
  1083 | D:1      | Learned a level 2 spell: Searing Ray
  1108 | D:2      | Reached skill level 1 in Fighting
  2220 | D:3      | Reached XP level 4. HP: 28/28 MP: 2/7
  2350 | D:3      | Noticed Robin
  2662 | D:3      | Noticed a black bear
  2733 | D:3      | Noticed Jessica
  2785 | D:3      | Killed Robin
  2785 | D:3      | Slain by an endoplasm

Illustrated notes

Levels and vault maps discovered:
D:1:      noname_arrival_rooms_in_the_neighbourhood, layout_loops_ring,
          dreamdust_ecumenical_altar_angels_and_demons
D:2:      layout_basic
D:3:      layout_loops_cross, general_overflow_altar, uniq_jessica, uniq_robin

Skill      XL: |  1  2  3 |
---------------+----------+-----
Stealth        | 3 |  3.6
Fighting       | 1 |  1.3
Dodging        | |  2.5
Spellcasting   | |  2.4
Conjurations   | |  4.7

Action                   |  1- 3 |  4- 6 || total
-------------------------+-------+-------++-------
Melee: Mace              |    16 |    10 ||    26
       Constrict         |     4 |     3 ||     7
       Tentacles         |       |     2 ||     2
 Cast: Magic Dart        |    50 |    24 ||    74
       Searing Ray       |     5 |     8 ||    13
  Use: Scroll            |     3 |       ||     3
 Stab: Sleeping          |     2 |       ||     2
Armor: Skin              |     2 |       ||     2
Dodge: Dodged            |     8 |    11 ||    19
